 Dungeon Crawl Stone Soup version 0.23.0-33-g5e6c059fef (webtiles) character file.

Game seed: 15131796983625225999

107 Katokrates the Covered (level 4, -2/40 HPs)
             Began as a Minotaur Fighter on Feb 26, 2019.
             Succumbed to an orc wizard's poison
             ... on level 3 of the Dungeon.
             The game lasted 00:11:57 (3656 turns).

Katokrates the Covered (Minotaur Fighter)           Turns: 3656, Time: 00:11:58

Health: -2/40      AC:  7    Str: 27    XL:     4   Next: 57%
Magic:  3/3        EV:  8    Int:  9    God:
Gold:   131        SH: 10    Dex:  9    Spells: 3/3 levels left

rFire    . . .     SeeInvis .   k - +0 hand axe (curse)
rCold    . . .     Gourm    .   c - +0 shield
rNeg     . . .     Faith    .   b - +0 scale mail
rPois    .         Spirit   .   (helmet restricted)
rElec    .         Reflect  .   (no cloak)
rCorr    .         Harm     .   (no gloves)
MR       .....                  (no boots)
Stlth    ..........             (no amulet)
HPRegen  0.13/turn              g - +4 ring of intelligence
MPRegen  0.08/turn              (no ring)

@: mighty, lethally poisoned (-2 -> -28), berserk cooldown, flying, slowed, very
slow
A: retaliatory headbutt, horns 2
a: no special abilities


You were on level 3 of the Dungeon.
You were not hungry.

You visited 1 branch of the dungeon, and saw 3 of its levels.

You collected 131 gold pieces.

Inventory:

Hand Weapons
 a - a +1 war axe
 k - a cursed +0 hand axe (weapon)
Armour
 b - a +0 scale mail (worn)
 c - a +0 shield (worn)
Jewellery
 g - a +4 ring of intelligence (left hand)
Scrolls
 e - a scroll of teleportation {unknown}
 j - a scroll of identify {unknown}
Potions
 l - a potion of lignification {unknown}
Comestibles
 f - 4 rations


   Skills:
 + Level 4.0 Fighting
 + Level 3.3 Axes
 + Level 4.8 Armour
 + Level 0.5 Dodging
 + Level 0.4 Stealth
 + Level 4.5 Shields


You had 3 spell levels left.
You didn't know any spells.
Your spell library was empty.

Dungeon Overview and Level Annotations

Branches:
Dungeon (3/15)

Altars:
Hepliaklqana
Trog


Innate Abilities, Weirdness & Mutations

You reflexively headbutt those who attack you in melee.
You have a pair of horns on your head.


Message History

* * * LOW HITPOINT WARNING * * *
You feel very sick. The orc wizard closely misses you.
You feel very mighty all of a sudden.
* * * LOW HITPOINT WARNING * * *
You feel sick. The orc wizard closely misses you. You furiously retaliate!
You headbutt the orc wizard. You block the orc wizard's attack.
You hit the orc wizard.
The orc wizard is heavily wounded.
* * * LOW HITPOINT WARNING * * *
You feel very sick.
The orc wizard hits you with a +2 dagger of venom.
* * * LOW HITPOINT WARNING * * *
You are more poisoned.
The orc wizard casts a spell.
The orc wizard seems to speed up.
Your shield and scale mail prevent you from hitting the orc wizard.
Your headbutt misses the orc wizard.
The orc wizard is heavily wounded.
You die...

...............
#.............# #
<............##
..##.#..........#
#..............#
.....(........
#.o.........
#.@)........
##†)).....# #
#.†.....## .#
###..#### .#
#...#####.####
##...#..>.....
##.......###
#.....#...##
#....###.#....#


You could see an orc wizard.

Vanquished Creatures
  An orc wizard (D:3)
  A gnoll (D:1)
  2 adders (D:2)
  2 worms
  2 dart slugs
  2 leopard geckos (D:3)
  2 orcs (D:3)
  2 bats (D:2)
  8 hobgoblins
  7 kobolds
  3 frilled lizards
  7 goblins
  3 rats
42 creatures vanquished.

Notes
Turn   | Place    | Note
-------+----------+-------------------------------------------
     0 | D:1      | Katokrates the Minotaur Fighter began the quest for the
                  | Orb.
     0 | D:1      | Reached XP level 1. HP: 19/19 MP: 0/0
  1776 | D:1      | Reached XP level 2. HP: 18/27 MP: 1/1
  2575 | D:2      | Found a hazy altar of Hepliaklqana.
  2575 | D:2      | Found a bloodstained altar of Trog.
  2768 | D:2      | Reached XP level 3. HP: 33/33 MP: 2/2
  3340 | D:2      | Reached XP level 4. HP: 31/40 MP: 3/3
  3655 | D:3      | HP: 2/40 [orc wizard/+2 dagger of venom (4)]
  3656 | D:3      | Succumbed to an orc wizard's poison

Skill      XL: |  1  2  3 |
---------------+----------+-----
Armour         | 4 |  4.8
Shields        | 4 |  4.5
Axes           | 3 |  3.3
Fighting       | 4 |  4.0
Dodging        | |  0.5
Stealth        | |  0.4

Action                   |  1- 3 |  4- 6 || total
-------------------------+-------+-------++-------
Melee: Hand axe          |    21 |    20 ||    41
       Headbutt          |    11 |     3 ||    14
       War axe           |    58 |       ||    58
  Use: Scroll            |     4 |       ||     4
       Potion            |     4 |     3 ||     7
  Eat: Ration            |     3 |       ||     3
Armor: Scale mail        |    29 |     7 ||    36
Dodge: Dodged            |    13 |     3 ||    16
Block: Shield            |    31 |    13 ||    44
